 Dungeon Crawl Stone Soup version 0.30-a0-568-g124715a40b (webtiles) character file.

Game seed: 15274668930393418307

237 bande the Covered (level 6, 0/38 HPs)
             Began as a Gargoyle Fighter on Dec 29, 2022.
             Slain by a kobold
             ... wielding a +0 club
              (3 damage)
             ... on level 3 of the Dungeon.
             The game lasted 00:03:16 (2286 turns).

bande the Covered (Gargoyle Fighter)                Turns: 2286, Time: 00:03:17

Health: 0/38       AC: 15    Str: 20    XL:     6   Next: 6%
Magic:  6/6        EV:  7    Int:  8    God:
Gold:   111        SH:  4    Dex: 11    Spells: 5/5 levels left

rFire   . . .      SeeInvis .    a - +0 war axe (flame)
rCold   . . .      Faith    .    c - +0 buckler
rNeg    + . .      Spirit   .    j - +0 chain mail
rPois   ∞          Reflect  .    (no helmet)
rElec   +          Harm     .    (no cloak)
rCorr   .          Rampage  .    q - +0 pair of gloves
Will    .....                    (no boots) Stlth
                                 (no amulet)
HPRegen 0.26/turn                (no ring)
MPRegen 0.10/turn                (no ring)

@: no status effects
A: sickness immunity, AC +4, negative energy resistance 1, electricity
resistance, torment resistance 1, petrification resistance
a: no special abilities


You were on level 3 of the Dungeon.
You visited 1 branch of the dungeon, and saw 3 of its levels.

You collected 111 gold pieces.

Inventory:

Hand Weapons
 a - a +0 war axe of flaming (weapon)
 i - a +0 war axe
Armour
 c - a +0 buckler (worn)
 j - a +0 chain mail (worn)
 q - a +0 pair of gloves (worn)
Scrolls
 f - a scroll of magic mapping
Potions
 b - 3 potions of curing
 d - 3 potions of might
 e - a potion of experience {unknown}
 h - a potion of flight {unknown}
 k - a potion of brilliance {unknown}


   Skills:
 + Level 4.0 Fighting
 + Level 3.6 Axes
 + Level 5.0 Armour
 - Level 0.2 Dodging
 + Level 3.8 Shields


You had 5 spell levels left.
You didn't know any spells.
Your spell library contained the following spells:

 Spells                   Type           Power      Damage    Failure   Level
 Dazzling Flash           Conj/Hex       0%         N/A       100%        3
 Portal Projectile        Hex/Tloc       0%         N/A       100%        3
 Iskenderun's Mystic Bla  Conj/Tloc      0%         2d3       100%        4
 Metabolic Englaciation   Hex/Ice        0%         N/A       100%        5
 Starburst                Conj/Fire      0%         6d3       100%        6


Dungeon Overview and Level Annotations

Branches:
Dungeon (3/15)

Altars:


Innate Abilities, Weirdness & Mutations

You are immune to sickness and miasma.
Your stone body is resilient. (AC +4)
You are immune to poison.
You resist negative energy. (rN+)
You are resistant to electric shocks. (rElec)
You are resistant to unholy torment.
You are immune to petrification.


Message History

There are monsters nearby!
You barely miss the orc.
The orc priest looks braver for a moment.
The orc hits you with a +0 mace.
You barely miss the orc. The orc hits you but does no damage.
The orc wizard hits you but does no damage.
You slash the orc wizard! You burn the orc wizard.
The orc wizard is almost dead.
You hit the orc. You burn the orc.
The orc priest invokes the aid of Beogh against you.
Beogh smites you! The orc hits you but does no damage.
The orc wizard casts a spell at you. You block the puff of flame.
You slash the orc wizard! You burn the orc wizard.
You kill the orc wizard!
You hit the orc but do no damage. You barely miss the goblin.
The orc hits you with a +0 mace.
A rat comes into view.
The goblin barely misses you.
Your Armour skill increases to level 5!
You have reached level 6!
You hit the orc but do no damage.
The orc is severely wounded.
You closely miss the kobold. You closely miss the goblin.
The orc priest calls down the wrath of Beogh upon you.
Beogh smites you!
* * * LOW HITPOINT WARNING * * *
An orc comes into view. It is wielding a +0 hand axe.
The orc hits you but does no damage. The kobold hits you but does no damage.
The goblin hits you but does no damage. The orc completely misses you.
The kobold hits you with a +0 club.
* * * LOW HITPOINT WARNING * * *
The goblin barely misses you.
Unknown command.
You barely miss the orc.
The orc is severely wounded.
You closely miss the kobold. You hit the goblin. You burn the goblin.
You kill the goblin!
You block the orc's attack. The kobold hits you with a +0 club.
You die...

### ## #.# .. #.#
#o #.# #. #.# #o
#.#
##.##K##########.#
#....o@......†...#
#..##)#########..#
#. #..# #.
######..###### ..
.............. #r
######..####.. #.
.............. #.
######..####.#
..........##.#


You could see an orc priest, 2 orcs, a kobold and a rat.

Vanquished Creatures
  A black bear (D:2)
  Jessica (D:2)
  An orc wizard (D:3)
  4 adders
  A gnoll (D:1)
  An ufetubus (D:3)
  A worm (D:2)
  2 dart slugs
  An orc (D:3)
  An endoplasm (D:2)
  3 giant cockroaches
  3 hobgoblins
  A quokka (D:1)
  2 ball pythons (D:1)
  2 frilled lizards
  7 goblins
  6 kobolds
  6 rats
44 creatures vanquished.

Vanquished Creatures (others)
  4 fungi (D:3)
  4 plants (D:2)
8 creatures vanquished.

Grand Total: 52 creatures vanquished

Notes
Turn   | Place    | Note
-------+----------+-------------------------------------------
     0 | D:1      | bande the Gargoyle Fighter began the quest for the Orb.
     0 | D:1      | Reached XP level 1. HP: 14/14 MP: 1/1
   311 | D:1      | Reached XP level 2. HP: 13/19 MP: 2/2
   595 | D:1      | Reached XP level 3. HP: 23/23 MP: 3/3
  1166 | D:2      | Got the Compendium of Charms
  1228 | D:2      | Found a faded altar of an unknown god.
  1382 | D:2      | Reached skill level 4 in Armour
  1516 | D:2      | Noticed a black bear
  1532 | D:2      | Killed a black bear
  1533 | D:2      | Reached XP level 4. HP: 10/29 MP: 4/4
  1533 | D:2      | Reached XP level 5. HP: 11/33 MP: 5/5
  1933 | D:2      | Noticed Jessica
  1936 | D:2      | Killed Jessica
  2285 | D:3      | Reached skill level 5 in Armour
  2285 | D:3      | Reached XP level 6. HP: 18/38 MP: 6/6
  2286 | D:3      | Slain by a kobold

Illustrated notes

Levels and vault maps discovered:
D:1:      kilobyte_arrival_exit_the_forest, layout_loops_ring, st_stairs_6,
          grunt_decor_junction
D:2:      layout_loops_ring, dilly_ecumenical_altar_fadedgnrine, nrook_campfire,
          mrwooster_statue_mirror, kennysheep_pointless_box, uniq_jessica
D:3:      layout_basic, mainiacjoe_overflow_alcove_4,
          minmay_fractal_squares_diagonal_5, uniq_natasha, uniq_grinder

Skill      XL: |  1  2  3  4  5 |
---------------+----------------+-----
Axes           | 2 3 |  3.6
Armour         | 4 5 |  5.0
Fighting       | 4 |  4.0
Dodging        | |  0.2
Shields        | |  3.8

Action                   |  1- 3 |  4- 6 || total
-------------------------+-------+-------++-------
Melee: War axe           |    79 |    68 ||   147
  Use: Scroll            |     6 |     1 ||     7
Armor: Scale mail        |     7 |       ||     7
       Chain mail        |    63 |    63 ||   126
Dodge: Dodged            |    32 |    30 ||    62
Block: Buckler           |     9 |    13 ||    22

Table legend: (Time is in decaauts)
 A = Elapsed time spent in this place.
 B = Non-inter-level travel time spent in this place.
 C = Inter-level travel time spent in this place.
 D = Time resting spent in this place.
 E = Time spent auto-exploring this place.
 F = Levels seen in this place.
 G = Mean time per level.
                   A        B        C        D        E       F      G
               +--------+--------+--------+--------+--------+-----+--------+
         Total |   2355 |   2308 |     47 |    409 |   1477 |   3 |  785.0 |
       Dungeon |   2355 |   2308 |     47 |    409 |   1477 |   3 |  785.0 |
               +--------+--------+--------+--------+--------+-----+--------+

Top non-repeatable levels by time:
     D:1: 1104 daAuts
     D:2: 1037 daAuts
     D:3: 213 daAuts
